AoeStats
← Rambao

Arena

508680255Analyzed
4v4 RM · 9d ago on Sep 23, 2026· 63m 21s· 8 players
Game mode
Random Map
Map size
Large (8 player)
Population
200
Speed
Normal
Resources
Standard
Victory
Conquest
Starting age
Dark Age
Ending age
Imperial Age
RankedLock teamsTeams togetherTeam positionsShared explorationLock speedFull tech treeHidden civsTurbo modeCheats
Victory
Defeat
🇪🇸 Varangians · Spain
777
+13
🇪🇸 Wei · Spain
749
+14
🇳🇱 Romans · Netherlands
714
+15
🇳🇱 Hindustanis · Netherlands
705
+15
🇮🇳 Teutons · India
713
-15
🇮🇳 Spanish · India
707
-15
🇮🇳 Bohemians · India
696
-14
🇮🇳 Italians · India
677
-13
RizzThin
11:58 Feudal Age
16:24 Castle Age
15:55 Loom
17:04 Forging
19:44 Wheelbarrow
19:54 Scale Barding Armor
20:54 Double-Bit Axe
21:12 Horse Collar
23:17 Bow Saw
23:52 Husbandry
24:03 Bloodlines
25:41 Caravan
31:28 Iron Casting
31:20 Herbal Medicine
31:46 Town Watch
32:33 Inquisition
33:42 Chain Barding Armor
34:11 Town Patrol
35:38 Sanctity
35:39 Fervor
35:46 Redemption
36:07 Fervor
38:55 Imperial Age
36:38 Fletching
36:56 Padded Archer Armor
37:10 Heavy Plow
37:10 Gold Mining
38:03 Hand Cart
39:20 Bodkin Arrow
40:41 Blast Furnace
40:17 Plate Barding Armor
40:00 Murder Holes
40:19 Fortified Wall
41:54 Two-Man Saw
40:56 Stone Mining
41:35 Conscription
41:11 Cavalier
41:22 Light Cavalry
42:54 Bracer
43:12 Leather Archer Armor
43:33 Supremacy
44:53 Elite Conquistador
46:03 Paladin
46:04 Hussar
50:00 Ring Archer Armor
49:54 Block Printing
50:45 Ballistics
50:42 Masonry
HIMMY SIDEYE BUCKETS
5:44 Loom
11:25 Feudal Age
13:49 Double-Bit Axe
13:46 Horse Collar
19:16 Castle Age
17:36 Stone Mining
19:11 Wheelbarrow
19:05 Fletching
19:15 Padded Archer Armor
19:25 Gold Mining
20:11 Heavy Plow
20:57 Leather Archer Armor
21:40 Bodkin Arrow
24:05 Bow Saw
23:32 Elite Skirmisher
29:27 Silk Road
29:41 Ballistics
29:02 Treadmill Crane
32:36 Caravan
33:17 Thumb Ring
34:01 Hand Cart
35:08 Murder Holes
35:05 Town Watch
38:47 Imperial Age
39:44 Stone Shaft Mining
39:11 Town Patrol
38:56 Elite Genoese Crossbowman
39:59 Conscription
40:42 Chemistry
40:00 Bracer
40:43 Ring Archer Armor
49:49 Pirotechnia
ThunderThumsUp
0:47 Loom
11:45 Feudal Age
17:29 Padded Archer Armor
17:20 Fletching
17:49 Horse Collar
24:01 Castle Age
28:07 Chemistry
27:43 Bodkin Arrow
29:51 Double-Bit Axe
31:19 Murder Holes
34:16 Imperial Age
35:18 Leather Archer Armor
35:30 Ballistics
37:02 Bracer
38:24 Elite Hussite Wagon
39:19 Wagenburg Tactics
44:35 Ring Archer Armor
44:54 Houfnice
Rambao
3:05 Loom
11:32 Feudal Age
12:12 Double-Bit Axe
12:15 Horse Collar
20:28 Castle Age
19:04 Man-at-Arms
19:50 Scale Mail Armor
20:00 Forging
21:35 Gambesons
21:12 Long Swordsman
22:03 Gold Mining
23:23 Stone Mining
23:37 Heavy Plow
25:25 Caravan
25:45 Chain Mail Armor
26:07 Iron Casting
26:01 Bow Saw
26:16 Bloodlines
29:57 Wheelbarrow
31:10 Town Watch
32:01 Fortified Wall
32:39 Stone Shaft Mining
33:00 Hand Cart
35:15 Masonry
38:05 Imperial Age
36:39 Arson
39:03 Elite Teutonic Knight
40:28 Conscription
42:16 Cavalier
49:10 Crop Rotation
48:13 Elite Skirmisher
49:51 Ballistics
49:42 Scale Barding Armor
49:40 Padded Archer Armor
52:33 Leather Archer Armor
52:09 Fletching
53:57 Chemistry
diamondkev513
11:31 Feudal Age
12:04 Horse Collar
12:12 Double-Bit Axe
17:43 Castle Age
20:18 Loom
21:09 Wheelbarrow
22:06 Bow Saw
25:01 Heavy Plow
25:35 Padded Archer Armor
26:45 Fletching
28:31 Leather Archer Armor
28:12 Bodkin Arrow
29:35 Hand Cart
33:22 Imperial Age
33:07 Ballistics
32:18 Vendel Legacy
33:00 Scale Mail Armor
33:32 Elite Skirmisher
34:15 Heavy Mounted Crossbowman
34:17 Cranequins
36:11 Chemistry
35:58 Crop Rotation
36:46 Two-Man Saw
37:36 Ring Archer Armor
37:07 Bracer
39:51 Chain Mail Armor
39:47 Forging
39:17 Pikeman
39:18 Elite Varangian Guard
40:40 Caravan
42:35 Onager
52:30 Plate Mail Armor
52:36 Iron Casting
51:49 Halberdier
52:29 Squires
58:08 Blast Furnace
CurryDerWorst
11:04 Feudal Age
16:06 Castle Age
15:08 Double-Bit Axe
15:51 Horse Collar
20:17 Bow Saw
20:50 Heavy Plow
24:31 Wheelbarrow
26:40 Hand Cart
26:26 Stone Mining
27:01 Husbandry
30:38 Ballistics
30:51 Grand Trunk Road
30:53 Gold Mining
31:40 Stone Shaft Mining
31:19 Thumb Ring
31:28 Bloodlines
32:13 Forging
32:09 Scale Barding Armor
32:57 Gold Shaft Mining
36:40 Imperial Age
33:48 Light Cavalry
35:54 Chain Barding Armor
36:10 Iron Casting
35:35 Scale Mail Armor
35:27 Fletching
35:37 Padded Archer Armor
36:35 Fortified Wall
36:41 Masonry
36:08 Crossbowman
39:08 Chemistry
38:15 Siege Engineers
37:41 Hussar
39:30 Conscription
39:36 Shatagni
39:45 Caravan
41:19 Blast Furnace
40:35 Chain Mail Armor
40:31 Arson
40:46 Squires
42:20 Plate Barding Armor
43:27 Two-Man Saw
46:42 Leather Archer Armor
46:22 Bodkin Arrow
50:21 Elite Skirmisher
53:01 Elite Ghulam
55:52 Bracer
56:23 Ring Archer Armor
55:18 Heavy Camel Rider
60:18 Imperial Camel Rider
steve
11:50 Feudal Age
12:17 Horse Collar
12:26 Double-Bit Axe
15:46 Loom
20:59 Castle Age
22:18 Bow Saw
22:12 Heavy Plow
26:16 Light Cavalry
27:07 Bloodlines
33:50 Imperial Age
35:36 Ballistics
35:29 Thumb Ring
43:12 Hussar
Myper
11:27 Feudal Age
18:24 Castle Age
16:25 Horse Collar
17:22 Double-Bit Axe
19:31 Heavy Plow
20:13 Squires
20:21 Loom
21:00 Bow Saw
23:00 Gold Mining
23:03 Stone Mining
27:23 Gold Shaft Mining
27:23 Scale Mail Armor
27:40 Forging
29:08 Wheelbarrow
29:06 Ballistics
28:45 Town Watch
28:54 Man-at-Arms
31:40 Iron Casting
31:22 Chain Mail Armor
31:21 Fortified Wall
30:36 Long Swordsman
31:47 Masonry
31:21 Pikeman
32:58 Hand Cart
33:01 Town Patrol
34:13 Padded Archer Armor
34:03 Fletching
37:07 Imperial Age
35:14 Ballistas
36:09 Scale Barding Armor
38:34 Crop Rotation
39:25 Chemistry
37:57 Heavy Scorpion
39:43 Blast Furnace
38:58 Leather Archer Armor
38:39 Bodkin Arrow
40:05 Conscription
39:17 Sappers
39:41 Capped Ram
40:19 Legionary
40:53 Halberdier
43:27 Ring Archer Armor
43:18 Chain Barding Armor
43:31 Architecture
42:57 Murder Holes
42:52 Guard Tower
51:34 Caravan
55:46 Keep
61:42 Siege Engineers
Connection lost

Rejoining the realm…

Still unreachable

The connection could not be restored.

Session expired

The server has moved on; the page needs a fresh start.